[ PARTIDA AOE2 · #506173196 ]
UnrankedSicilianos vs Vietnamese
Equipo del jugador · DERR
Equipo rival · VICT
[ ANÁLISIS DE REPETICIÓN · EXTRAÍDO DE LA PARTIDA GRABADA ]
Feudal
—
Castillos
—
Imperial
—
| APM promedio | 42.6 |
| APM pico | 71 |
| eAPM promedio | 17.6 |
| Aldeanos / militares | 47 / 0 |
Foco
⚔️ 14.9% · 🌾 85.1%
Feudal
9:59
Castillos
—
Imperial
—
| APM promedio | 64.8 |
| APM pico | 110 |
| eAPM promedio | 25.5 |
| Aldeanos / militares | 41 / 4 |
Foco
⚔️ 13.1% · 🌾 86.9%
Archer ×4
Mapa de la partida
Recursos iniciales + cada clic de construcción. Líneas = muros · curvas = relieve. ◆ oro · ⬟ piedra · ● bayas · ✦ reliquia · ◌ hueco del cierre
Tu base· ✓ Cerrada en 12:00 · 0t muro · 2 puerta(s)
Base de Poison· ✓ Cerrada en 12:00 · 2t muro · 2 puerta(s)
Terreno inicial suavizado · ◌ = hueco del cierre detectado · pasá el cursor para detalles
Inputs por minuto
— Liberty - - Poison
Build order — Liberty
57 acciones detectadas en el replay
| 0:00 | Encolar | Villager (Male) ×4 |
| 0:02 | Construir | House |
| 0:04 | Construir | House |
| 1:18 | Encolar | Villager (Male) |
| 1:19 | Encolar | Villager (Male) |
| 2:01 | Encolar | Villager (Male) |
| 2:01 | Encolar | Villager (Male) |
| 2:27 | Encolar | Villager (Male) |
| 2:27 | Encolar | Villager (Male) |
| 2:38 | Construir | Lumber Camp |
| 3:06 | Construir | House |
| 3:08 | Construir | House |
| 3:28 | Encolar | Villager (Male) |
| 3:28 | Encolar | Villager (Male) |
| 3:28 | Encolar | Villager (Male) |
| 3:52 | Encolar | Villager (Male) |
| 3:53 | Encolar | Villager (Male) |
| 4:48 | Encolar | Villager (Male) |
| 4:48 | Encolar | Villager (Male) |
| 4:54 | Investigar | Loom |
| 5:05 | Encolar | Villager (Male) |
| 5:06 | Investigar | Loom |
| 5:24 | Encolar | Villager (Male) |
| 5:24 | Encolar | Villager (Male) |
| 5:24 | Encolar | Villager (Male) |
| 5:24 | Encolar | Villager (Male) |
| 5:44 | Encolar | Villager (Male) |
| 5:45 | Encolar | Villager (Male) |
| 5:45 | Encolar | Villager (Male) |
| 5:55 | Encolar | Villager (Male) |
| 5:55 | Encolar | Villager (Male) |
| 5:55 | Encolar | Villager (Male) |
| 7:10 | Encolar | Villager (Male) |
| 7:10 | Encolar | Villager (Male) |
| 8:14 | Encolar | Villager (Male) |
| 8:14 | Encolar | Villager (Male) |
| 9:38 | Encolar | Villager (Male) |
| 9:38 | Encolar | Villager (Male) |
| 9:55 | Construir | House |
| 10:00 | Encolar | Villager (Male) |
| 10:01 | Encolar | Villager (Male) |
| 10:01 | Encolar | Villager (Male) |
| 10:01 | Encolar | Villager (Male) |
| 10:33 | Construir | Town Center |
| 10:46 | Construir | House |
| 11:04 | Encolar | Villager (Male) |
| 11:04 | Encolar | Villager (Male) |
| 11:04 | Encolar | Villager (Male) |
| 11:26 | Encolar | Villager (Male) |
| 11:28 | Encolar | Villager (Male) |
| 11:28 | Encolar | Villager (Male) |
| 11:28 | Encolar | Villager (Male) |
| 11:47 | Construir | Mill |
| 13:50 | Encolar | Villager (Male) |
| 13:50 | Encolar | Villager (Male) |
| 17:45 | Construir | Town Center |
| 18:13 | Construir | Town Center |
Build order — Poison
67 acciones detectadas en el replay
| 0:01 | Encolar | Villager (Male) |
| 0:01 | Encolar | Villager (Male) |
| 0:02 | Construir | House |
| 0:03 | Construir | House |
| 0:09 | Encolar | Villager (Male) |
| 0:28 | Encolar | Villager (Male) |
| 1:26 | Encolar | Villager (Male) |
| 1:50 | Construir | Lumber Camp |
| 1:53 | Encolar | Villager (Male) |
| 2:14 | Encolar | Villager (Male) |
| 2:42 | Encolar | Villager (Male) |
| 2:42 | Encolar | Villager (Male) |
| 3:21 | Encolar | Villager (Male) |
| 3:46 | Construir | House |
| 3:52 | Encolar | Villager (Male) |
| 3:53 | Encolar | Villager (Male) |
| 3:55 | Encolar | Villager (Male) |
| 3:55 | Encolar | Villager (Male) |
| 4:27 | Encolar | Villager (Male) |
| 4:37 | Construir | Mill |
| 5:10 | Encolar | Villager (Male) |
| 5:11 | Encolar | Villager (Male) |
| 5:11 | Encolar | Villager (Male) |
| 5:38 | Encolar | Villager (Male) |
| 5:45 | Construir | House |
| 6:03 | Encolar | Villager (Male) |
| 6:29 | Construir | Mining Camp |
| 6:36 | Investigar | Loom |
| 6:37 | Encolar | Villager (Male) |
| 7:00 | Encolar | Villager (Male) |
| 7:48 | Investigar | Feudal Age |
| 7:53 | Encolar | Villager (Male) |
| 7:53 | Encolar | Villager (Male) |
| 8:36 | Encolar | Villager (Male) |
| 8:36 | Encolar | Villager (Male) |
| 8:48 | Construir | Barracks |
| 9:31 | Construir | House |
| 9:54 | Construir | Palisade Wall |
| 9:59 | Edad | Edad Feudal |
| 10:04 | Construir | Archery Range |
| 10:12 | Construir | House |
| 10:26 | Construir | House |
| 10:28 | Construir | Palisade Wall |
| 10:52 | Encolar | Archer |
| 10:53 | Encolar | Archer |
| 10:53 | Encolar | Archer |
| 11:18 | Encolar | Villager (Male) |
| 11:18 | Encolar | Villager (Male) |
| 11:44 | Construir | Watch Tower |
| 11:53 | Encolar | Archer |
| 12:07 | Encolar | Villager (Male) |
| 12:52 | Encolar | Villager (Male) |
| 12:52 | Encolar | Villager (Male) |
| 13:43 | Encolar | Villager (Male) |
| 13:43 | Encolar | Villager (Male) |
| 13:49 | Encolar | Villager (Male) |
| 15:05 | Encolar | Villager (Male) |
| 15:05 | Encolar | Villager (Male) |
| 15:37 | Encolar | Villager (Male) |
| 15:38 | Encolar | Villager (Male) |
| 16:33 | Construir | Lumber Camp |
| 17:02 | Encolar | Villager (Male) |
| 17:02 | Encolar | Villager (Male) |
| 17:02 | Encolar | Villager (Male) |
| 17:32 | Construir | House |
| 17:38 | Construir | Farm |
| 17:40 | Construir | Farm |
Cronología de la partida
| 8:48 | Poison · first_building Barracks |
| 9:54 | Poison · wall_segment Palisade Wall x1 |
| 9:59 | Poison · age_up feudal |
| 10:04 | Poison · first_building Archery Range |
| 10:28 | Poison · wall_segment Palisade Wall x1 |
| 18:32 | Liberty · resign |
[ ANÁLISIS IA · 1 CRÉDITO ]
¿Qué pasó realmente en esta partida?
Wolo.gg analiza cada decisión: build order, eco, micro, errores típicos por bracket. Análisis personalizado por WhatsApp o Discord en 30 segundos.
Guía civ
Sicilianos
Perfil
Liberty